 Dungeon Crawl Stone Soup version 0.22-a0-539-gfbd9004e3f (webtiles) character file.

13 M4edhros the Grave Robber (level 2, 0/17 HPs)
             Began as an Octopode Necromancer on June 24, 2018.
             Slain by a leopard gecko (1 damage)
             ... on level 1 of the Dungeon.
             The game lasted 00:00:38 (170 turns).

M4edhros the Grave Robber (Octopode Necromancer)     Turns: 170, Time: 00:00:39

Health: 0/17       AC:  1    Str:  7    XL:     2   Next: 37%
Magic:  1/5        EV: 13    Int: 22    God:
Gold:   0          SH:  0    Dex: 12    Spells: 3/5 levels left

rFire    . . .     SeeInvis .     - Unarmed
rCold    . . .     Gourm    .   (no shield)
rNeg     . . .     Faith    .   (helmet restricted)
rPois    .         Spirit   .   (no amulet)
rElec    .         Reflect  .   e - ring of resist corrosion
rCorr    +         Harm     .   (no ring)
MR       .....                  (no ring)
Stlth    +++.......             (no ring)
HPRegen  0.05/turn              (no ring)
MPRegen  0.09/turn              (no ring)
                                (no ring)
                                (no ring)

@: brilliant
A: almost no armour, stealthy swim, amphibious, 8 rings, constrict 8, camouflage
1, gelatinous body 1
a: no special abilities


You were on level 1 of the Dungeon.
You were not hungry.

You visited 1 branch of the dungeon, and saw 1 of its levels.

Inventory:

Jewellery
 e - a ring of resist corrosion (left tentacle)
Scrolls
 d - a scroll of amnesia {unknown}
Comestibles
 b - a ration
 c - 2 chunks of flesh


   Skills:
 - Level 2.0 Dodging
 - Level 2.6 Stealth
 + Level 2.0 Unarmed Combat
 - Level 2.0 Spellcasting
 - Level 4.0 Necromancy


You had 3 spell levels left.
You knew the following spells:

 Your Spells              Type           Power        Failure   Level  Hunger
a - Pain                  Necr           ####         1%          1    #......
b - Animate Skeleton      Necr           N/A          1%          1    #......

Your spell library contained the following spells:

 Spells                   Type           Power        Failure   Level  Hunger
 Animate Dead             Necr           N/A          3%          4    #####..
 Vampiric Draining        Necr           ####......   1%          3    ###....
 Regeneration             Chrm/Necr      ###.......   2%          3    ###....


Dungeon Overview and Level Annotations

Branches:
Dungeon (1/15)

Altars:


Innate Abilities, Weirdness & Mutations

You cannot wear most types of armour.
You are very stealthy in the water. (Stealth+)
You are amphibious.
You can wear up to eight rings at the same time.
You can use your tentacles to constrict eight enemies at once.
Your skin changes colour to match your surroundings (Stealth+).
Your rubbery body absorbs attacks. (AC +1, EV +1)


Message History

Your bat skeleton hits the leopard gecko but does no damage.
The leopard gecko barely misses your bat skeleton.
The goblin hits your kobold skeleton with a club.
Your kobold skeleton is destroyed!
Your bat skeleton misses the leopard gecko.
The leopard gecko bites your bat skeleton.
Your bat skeleton is destroyed!
Your rat skeleton barely misses the leopard gecko.
Your rat skeleton bites the goblin.
Something hits your rat skeleton.
Your rat skeleton is destroyed!
It was a potion of brilliance.
You feel clever all of a sudden.
The leopard gecko hisses menacingly.
You barely miss the leopard gecko.
The goblin shouts!
Your grab misses the leopard gecko. Your squeeze misses the leopard gecko.
The leopard gecko is lightly wounded.
The leopard gecko barely misses you. The leopard gecko bites you.
You die...

...........................
#................Z.Z.########
.##...$...#.#####..##..#
#.....$....#.#..........#
#..........#%#.###..##....
#..........#........###.###
...........#...###.## #.#
#.........##...###.####.#
#.............l@........#
#.....††.g###.####.####
#......)..# #.# .#
#......Z..# #.. #....?....#
#.## #######.### #.# #.. ...
### ###


You could see a leopard gecko and a goblin.

Vanquished Creatures
  3 bats (D:1)
  2 giant cockroaches (D:1)
  A hobgoblin (D:1)
  2 kobolds (D:1)
  5 rats (D:1)
13 creatures vanquished.

Vanquished Creatures (collateral kills)
  A rat (D:1)
1 creature vanquished.

Grand Total: 14 creatures vanquished

Notes
Turn   | Place    | Note
-------+----------+-------------------------------------------
     0 | D:1      | M4edhros the Octopode Necromancer began the quest for the Orb.
     0 | D:1      | Reached XP level 1. HP: 11/11 MP: 3/3
    46 | D:1      | Reached skill level 1 in Unarmed Combat
    66 | D:1      | Learned a level 1 spell: Animate Skeleton
    91 | D:1      | Reached XP level 2. HP: 8/17 MP: 5/5
   170 | D:1      | Slain by a leopard gecko

Vault maps used:
D:1:      onia_arrival_handbag

Skill      XL: |  1  2 |
---------------+-------+-----
Unarmed Combat | 1 2 |  2.0
Dodging        | |  2.0
Stealth        | |  2.6
Spellcasting   | |  2.0
Necromancy     | |  4.0

Action                   || total
-------------------------++-------
Melee: Unarmed           ||    37
       Constrict         ||     9
       Tentacles         ||     4
 Cast: Animate Skeleton  ||     3
       Pain              ||     5
  Use: Potion            ||     1
 Stab: Sleeping          ||     7
Armor: Skin              ||     5
Dodge: Dodged            ||    27

Table legend:
 A = Spawn XP
 B = Non-spawn XP
 C = Spawn XP percentage of total XP
 D = Spawn monster count
 E = Non-spawn monster count
 F = Spawn count percentage of total count
 G = Total turns spent on level
                    A         B        C        D         E        F      G
               +---------+---------+-------+---------+---------+-------+---------
         Total |       0 |      19 |   0.0 |       0 |      14 |   0.0 |   170
               +---------+---------+-------+---------+---------+-------+---------
           D:1 |       0 |      19 |   0.0 |       0 |      14 |   0.0 |   170
               +---------+---------+-------+---------+---------+-------+---------
